 Dungeon Crawl Stone Soup version 0.23.0 (webtiles) character file.

Game seed: 7561482099697012916

62 Mgcat the Skirmisher (level 4, -3/41 HPs)
             Began as a Gnoll Wanderer on Feb 11, 2019.
             Slain by a phantom (10 damage)
             ... on level 2 of the Dungeon.
             The game lasted 00:03:34 (1494 turns).

Mgcat the Skirmisher (Gnoll Wanderer)               Turns: 1494, Time: 00:03:35

Health: -3/41      AC:  3    Str: 17    XL:     4   Next: 8%
Magic:  8/8        EV: 15    Int: 15    God:
Gold:   174        SH:  0    Dex: 14    Spells: 8/8 levels left

rFire    . . .     SeeInvis .   d - +0 quarterstaff
rCold    . . .     Gourm    .   (shield currently unavailable)
rNeg     . . .     Faith    .   e - +0 robe
rPois    .         Spirit   .   (no helmet)
rElec    .         Reflect  .   (no cloak)
rCorr    .         Harm     .   (no gloves)
MR       .....     Rnd*Rage +   i - +0 pair of boots
Stlth    +++.......             (no amulet)
HPRegen  0.13/turn              t - +3 ring of evasion
MPRegen  0.11/turn              (no ring)

@: flying (expiring)
A: distributed training, claws 1, fangs 1, thin skeletal structure 1, berserk 1,
strong nose
a: no special abilities


You were on level 2 of the Dungeon.
You were not hungry.

You visited 1 branch of the dungeon, and saw 2 of its levels.

You collected 174 gold pieces.

Inventory:

Hand Weapons
 b - a +2 blowgun
 d - a +0 quarterstaff (weapon)
Missiles
 a - 2 curare-tipped needles
 g - 108 stones (quivered)
 p - 32 poisoned needles
Armour
 e - a +0 robe (worn)
 i - a +0 pair of boots (worn)
   (You found it on level 1 of the Dungeon)
Jewellery
 t - a +3 ring of evasion (left claw)
   (You found it on level 2 of the Dungeon)
Scrolls
 c - 3 scrolls of teleportation
 h - a scroll of fear {unknown}
 j - 3 scrolls of identify {unknown}
 k - a scroll of remove curse {unknown}
 s - a scroll of amnesia {unknown}
Potions
 l - 2 potions of mutation {!q}
 m - a potion of curing {unknown}
 n - a potion of heal wounds {unknown}
 o - a potion of degeneration {unknown}
 q - a potion of flight
Comestibles
 f - 5 rations
 r - 6 chunks of flesh {@w0}


   Skills:
 + Level 6.5 Fighting
 + Level 1.0 Short Blades
 + Level 1.0 Long Blades
 + Level 1.0 Axes
 + Level 1.0 Maces & Flails
 + Level 1.0 Polearms
 + Level 2.7 Staves
 + Level 1.0 Slings
 + Level 1.0 Bows
 + Level 1.0 Crossbows
 + Level 4.6 Throwing
 + Level 1.0 Armour
 + Level 1.0 Dodging
 + Level 2.5 Stealth
 + Level 1.0 Shields
 + Level 1.0 Unarmed Combat
 + Level 2.9 Spellcasting
 + Level 0.7 Conjurations
 + Level 0.7 Hexes
 + Level 0.7 Charms
 + Level 0.7 Summonings
 + Level 2.2 Necromancy
 + Level 2.2 Translocations
 + Level 0.7 Transmutations
 + Level 0.7 Fire Magic
 + Level 0.7 Ice Magic
 + Level 0.7 Air Magic
 + Level 0.7 Earth Magic
 + Level 0.7 Poison Magic
 + Level 1.1 Invocations
 + Level 1.0 Evocations


You had 8 spell levels left.
You didn't know any spells.
Your spell library was empty.

Dungeon Overview and Level Annotations

Branches:
Dungeon (2/15)

Altars:
Nemelex Xobeh
Wu Jian


Innate Abilities, Weirdness & Mutations

Your experience applies equally to all skills.
You have very sharp teeth.
Your uncanny sense of smell can sniff out nearby items.
You have sharp fingernails.
You have a somewhat thin skeletal structure. (Dex +2, Stealth)
You tend to lose your temper in combat.


Message History

There isn't anything to butcher here.
The phantom barely misses you.
Spoiler Alert: The phantom can hit for moderate damage in melee and blinks!
You closely miss the phantom.
The phantom is lightly damaged.
The phantom hits you but does no damage.
You barely miss the phantom.
The phantom is lightly damaged.
The phantom hits you!
The phantom blinks!
You take 7 damage, and have 20/41 hp.
Spoiler Alert: The phantom can hit for moderate damage in melee and blinks!
You see here 17 stones.
Things that are here:
a chunk of flesh {@w0}; a rat skeleton The phantom blinks!
You see here 17 stones.
g - 108 stones (gained 17) Spoiler Alert: The phantom can hit for moderate damage in melee and blinks!
r - 7 chunks of flesh {@w0} (gained 1)
You see here a rat skeleton.
You hit the phantom.
The phantom is lightly damaged.
The phantom misses you.
You miss the phantom. Your bite misses the phantom.
The phantom is lightly damaged.
The phantom blinks!
Spoiler Alert: The phantom can hit for moderate damage in melee and blinks!
You aren't carrying any items that you can evoke.
It was a potion of flight.
You feel very buoyant.
You fly up into the air.
Unknown command.
Unknown command.
Spoiler Alert: The phantom can hit for moderate damage in melee and blinks!
Unknown command.
It was a potion of mutation.
You feel extremely strange.
You feel a little pissed off.
Your bones become slightly less dense.
Your fingernails lengthen.
Unknown command.
Unknown command.
Spoiler Alert: The phantom can hit for moderate damage in melee and blinks!
The phantom closely misses you.
You miss the phantom.
The phantom is lightly damaged.
The phantom barely misses you.
You thump the phantom!
The phantom is heavily damaged.
The phantom hits you.
Some of the chunks of flesh in your inventory have rotted away.
You take 5 damage, and have 17/41 hp.
Spoiler Alert: The phantom can hit for moderate damage in melee and blinks!
You hit the phantom but do no damage.
The phantom is heavily damaged.
The phantom blinks!
The phantom hits you.
You take 3 damage, and have 15/41 hp.
You miss the phantom.
The phantom is heavily damaged.
The phantom hits you.
* * * LOW HITPOINT WARNING * * *
You take 4 damage, and have 11/41 hp.
Spoiler Alert: The phantom can hit for moderate damage in melee and blinks!
You hit the phantom but do no damage.
The phantom is heavily damaged.
The phantom barely misses you.
You closely miss the phantom.
The phantom is heavily damaged.
The phantom hits you.
* * * LOW HITPOINT WARNING * * *
The phantom hits you.
* * * LOW HITPOINT WARNING * * *
You take 3 damage, and have 8/41 hp.
Spoiler Alert: The phantom can hit for moderate damage in melee and blinks!
You barely miss the phantom.
The phantom is heavily damaged.
The phantom closely misses you.
You closely miss the phantom.
The phantom is heavily damaged.
The phantom hits you.
* * * LOW HITPOINT WARNING * * *
You take 2 damage, and have 6/41 hp.
Spoiler Alert: The phantom can hit for moderate damage in melee and blinks!
You barely miss the phantom.
The phantom is heavily damaged.
You are starting to lose your buoyancy.
The phantom closely misses you.
Unknown command.
Unknown command.
Spoiler Alert: The phantom can hit for moderate damage in melee and blinks!
You sock the phantom!
The phantom is severely damaged.
The phantom barely misses you.
You miss the phantom. Your bite misses the phantom.
The phantom is severely damaged.
The phantom barely misses you.
Spoiler Alert: The phantom can hit for moderate damage in melee and blinks!
You hit the phantom but do no damage.
The phantom is severely damaged.
The phantom hits you!
You die...

####.####........##
#.####.).......# ∆
#.##...........##
#.##............#
#.##............##
#.##.............#
#.##.............##
#.##..............#
####.####.#+##+#@###÷#
............##.W.#
#..#
####.####..####..#
##.# #.# ##.# #..# ..
∆ #.# #.# #.># #.# #.#
#.## ##.#####.# #.#
#..# #.....#..# #.#
##.# ##.......# #.#
#.# #.####..#


You could see a phantom.

Vanquished Creatures
  2 worms (D:2)
  2 dart slugs (D:1)
  A ball python (D:2)
  7 goblins
  5 hobgoblins
  2 jackals (D:1)
  8 bats
  2 frilled lizards (D:2)
  10 kobolds
  11 rats
  A plant (D:1)
51 creatures vanquished.

Vanquished Creatures (others)
  9 toadstools (D:2)
9 creatures vanquished.

Grand Total: 60 creatures vanquished

Notes
Turn   | Place    | Note
-------+----------+-------------------------------------------
     0 | D:1      | Mgcat the Gnoll Wanderer began the quest for the Orb.
     0 | D:1      | Mgcat set off with the following items: 2 curare-tipped
                  | needles, a +2 blowgun, a scroll of teleportation, a +0
                  | quarterstaff, a +0 robe, a ration
     0 | D:1      | Reached XP level 1. HP: 23/23 MP: 4/4
   188 | D:1      | Reached skill level 2 in Necromancy
   188 | D:1      | Reached skill level 2 in Translocations
   293 | D:1      | Reached XP level 2. HP: 29/29 MP: 5/5
   797 | D:1      | Reached XP level 3. HP: 35/35 MP: 7/7
  1160 | D:2      | Found a sparkling altar of Nemelex Xobeh.
  1190 | D:2      | Reached skill level 1 in Invocations
  1352 | D:2      | Reached skill level 1 in Short Blades
  1352 | D:2      | Reached skill level 1 in Long Blades
  1352 | D:2      | Reached skill level 1 in Axes
  1352 | D:2      | Reached skill level 1 in Maces & Flails
  1352 | D:2      | Reached skill level 1 in Polearms
  1352 | D:2      | Reached skill level 1 in Slings
  1352 | D:2      | Reached skill level 1 in Bows
  1352 | D:2      | Reached skill level 1 in Crossbows
  1352 | D:2      | Reached skill level 1 in Armour
  1352 | D:2      | Reached skill level 1 in Dodging
  1352 | D:2      | Reached skill level 1 in Shields
  1352 | D:2      | Reached skill level 1 in Unarmed Combat
  1352 | D:2      | Reached skill level 1 in Evocations
  1362 | D:2      | Reached XP level 4. HP: 37/41 MP: 8/8
  1401 | D:2      | Noticed a phantom
  1419 | D:2      | Found an ornate altar of the Wu Jian Council.
  1479 | D:2      | Gained mutation: You tend to lose your temper in combat.
                  | [potion of mutation]
  1479 | D:2      | Gained mutation: You have a somewhat thin skeletal
                  | structure. (Dex +2, Stealth) [potion of mutation]
  1479 | D:2      | Gained mutation: You have sharp fingernails. [potion of
                  | mutation]
  1488 | D:2      | HP: 10/41 [phantom (1)]
  1494 | D:2      | Slain by a phantom

Skill      XL: |  1  2  3 |
---------------+----------+-----
Necromancy     | 2 |  2.2
Translocations | 2 |  2.2
Invocations    | 1 |  1.1
Short Blades   | 1 |  1.0
Long Blades    | 1 |  1.0
Axes           | 1 |  1.0
Maces & Flails | 1 |  1.0
Polearms       | 1 |  1.0
Slings         | 1 |  1.0
Bows           | 1 |  1.0
Crossbows      | 1 |  1.0
Armour         | 1 |  1.0
Dodging        | 1 |  1.0
Shields        | 1 |  1.0
Unarmed Combat | 1 |  1.0
Evocations     | 1 |  1.0
Fighting       | |  6.5
Staves         | |  2.7
Throwing       | |  4.6
Stealth        | |  2.5
Spellcasting   | |  2.9
Conjurations   | |  0.7
Hexes          | |  0.7
Charms         | |  0.7
Summonings     | |  0.7
Transmutations | |  0.7
Fire Magic     | |  0.7
Ice Magic      | |  0.7
Air Magic      | |  0.7
Earth Magic    | |  0.7
Poison Magic   | |  0.7

Action                   |  1- 3 |  4- 6 || total
-------------------------+-------+-------++-------
Melee: Quarterstaff      |   120 |    32 ||   152
       Bite              |    12 |     2 ||    14
Throw: Stone             |     2 |       ||     2
  Use: Potion            |       |     2 ||     2
 Stab: Sleeping          |     3 |     1 ||     4
  Eat: Chunk             |     2 |       ||     2
Armor: Robe              |    28 |     2 ||    30
Dodge: Dodged            |    71 |    20 ||    91

Levels and vault maps discovered:
D:1:      saegor_arrival_miasma, layout_basic, serial_forest,
          infiniplex_forest_clump_cross, infiniplex_forest_zigzag_1,
          infiniplex_forest_lined_3, infiniplex_forest_lined_1,
          infiniplex_forest_clump_small, infiniplex_forest_lined_ring,
          infiniplex_forest_end_double, minmay_vboxes
D:2:      cheibrodos_fertilizer, layout_basic, gammafunk_temple_overflow_wave,
          nicolae_overflow_crystal_walls, nemelex_xobeh_ov_fountains_minmay,
          first_ration

Table legend:
 A = Turns spent in this place as a percentage of turns spent in the entire game.
 B = Non-inter-level travel turns spent in this place as a percentage of non-inter-level travel turns spent in the entire game.
 C = Inter-level travel turns spent in this place as a percentage of turns spent in this place.
 D = Turns resting spent in this place as a percentage of non-inter-level travel turns spent in this place.
 E = Turns spent auto-exploring this place as a percentage of non-inter-level travel turns spent in this place.
 F = Non-inter-level travel turns spent in this place divided by the number of levels of this place that you've seen.
                   A       B       C       D       E      F
               +-------+-------+-------+-------+-------+----------------------
         Total | 100.0 | 100.0 |   1.6 |   0.1 |  75.9 | 735.0
       Dungeon | 100.0 | 100.0 |   1.6 |   0.1 |  75.9 | 735.0
               +-------+-------+-------+-------+-------+----------------------

Table legend:
 A = Kills in this place as a percentage of kills in entire the game.
 B = Kills by you in this place as a percentage of kills by you in the entire game.
 C = Kills by friends in this place as a percentage of kills by friends in the entire game.
 D = Other kills in this place as a percentage of other kills in the entire game.
 E = Experience gained in this place as a percentage of experience gained in the entire game.
 F = Experience gained in this place divided by the number of levels of this place that you have seen.
                   A       B       C       D       E      F
               +-------+-------+-------+-------+-------+----------------------
         Total | 100.0 | 100.0 |   N/A |   N/A | 100.0 |  44.5
       Dungeon | 100.0 | 100.0 |   N/A |   N/A | 100.0 |  44.5
               +-------+-------+-------+-------+-------+----------------------
